Unix NetHack Version 5.0.0-0 post-release - last build May 3 2026 23:40:34 (9823c992c0763bbd039eca2974112f46eaf799b3,branch:main). Game began 2026-05-04 06:40:37, ended 2026-05-04 06:52:22. atorox, neutral male human Tourist ----------- |.........| -------------- |.........-# ------------ |.......`....| |.........|# |..........| #-............-# |.........|# |....(.....| #|............|# |.........|# |..........| #|............|# |.........|# --|--------- #--------------# -----.-----# # ## # # # # # # # # ### # # # ## # #### # # ## ## ## ## # # # # # ### ---------# #-------|----|--- #---+-.- ---.- |[[[[[)[|# #|..............| #|.@.>.| |(..| |[.[[)[.|# #|..............| ##.^^o..| |...| |[[[[[[.-# #......^.........######|.b...| |...| --------- |.............`| #------- |.<.| ---------------- ----- Atorox the Sightseer St:12 Dx:11 Co:16 In:11 Wi:10 Ch:14 Neutral S:354 Dlvl:3 $:136 HP:0(29) Pw:7(7) AC:2 Xp:3/46 T:1745 Burdened Latest messages: You have a little trouble lifting n - a scroll labeled HACKEM MUCHE. You hit the red mold. You kill the red mold! You see here a red mold corpse. There is a red mold corpse here; eat it? [ynq] (n) y This red mold corpse tastes okay. The giant rat misses! You stop eating the red mold corpse. You miss the giant rat. The giant rat misses! You miss the giant rat. The giant rat just misses! You miss the giant rat. The giant rat bites! The giant rat bites! You miss the giant rat. The giant rat misses! You miss the giant rat. You hit the giant rat! The giant rat misses! You miss the giant rat. The giant rat just misses! You miss the giant rat. The giant rat misses! You kill the giant rat! You see here a giant rat corpse. You see here a partly eaten red mold corpse. There is a partly eaten red mold corpse here; eat it? [ynq] (n) y You resume your meal. You finish eating the red mold corpse. You feel healthy. You see here a giant rat corpse. There is a giant rat corpse here; eat it? [ynq] (n) y This giant rat corpse is gamey. You finish eating the giant rat corpse. The hobgoblin wields a curved sword! The hobgoblin swings his curved sword. The hobgoblin hits! The hobgoblin swings his curved sword. The hobgoblin hits! You miss the hobgoblin. The acid blob climbs out of the pit. You miss the hobgoblin. The hobgoblin swings his curved sword. The hobgoblin hits! You miss the hobgoblin. The hobgoblin swings his curved sword. The hobgoblin hits! You die... Do you want your possessions identified? [ynq] (y) q Inventory: Coins ('$') $ - 136 gold pieces Weapons (')') u - a +0 two-handed sword (weapon in hands) Armor ('[') y - an uncursed +1 pair of water walking boots (being worn) h - a blessed +0 Hawaiian shirt with an orchid motif (being worn) p - an uncursed +0 banded mail (being worn) Comestibles ('%') e - an uncursed slime mold b - 2 uncursed apples c - 7 uncursed food rations d - 3 uncursed eggs Scrolls ('?') m - an uncursed scroll of enchant weapon s - an uncursed scroll of food detection n - a cursed scroll of identify g - 4 uncursed scrolls of magic mapping w - an uncursed scroll of scare monster x - a cursed scroll of scare monster Potions ('!') f - 2 uncursed potions of extra healing r - an uncursed potion of healing Tools ('(') j - an uncursed credit card i - an expensive camera (0:57) l - an uncursed mirror t - an uncursed mirror Gems/Stones ('*') o - an uncursed citrine stone Atorox the Tourist's attributes: Background: You were a Sightseer, a level 3 male human Tourist. You were neutral, on a mission for The Lady who was opposed by Blind Io (lawful) and Offler (chaotic). You were right-handed. You were in the Dungeons of Doom, on level 3. You entered the dungeon 1745 turns ago. There was a full moon in effect when your adventure ended. You had 46 experience points, 34 more were needed to attain level 4. Your score was 354 before end-of-game adjustments. Basics: You had 0 out of 29 hit points. You had all 7 energy points (spell power). Your armor class was 2. Your wallet contained 136 zorkmids. Autopickup was on for '$' plus thrown. Final Characteristics: Your strength was 12 (limit:18/100). Your dexterity was 11 (limit:18). Your constitution was 16 (limit:18). Your intelligence was 11 (limit:18). Your wisdom was 10 (limit:18). Your charisma was 14 (limit:18). Final Status: You weren't hungry. You were burdened; movement was slightly slowed. You were wielding a two-handed sword. You were unskilled in two-handed sword. Final Attributes: You were nominally aligned. You were poison resistant. You could walk on water. You were warded. You were lucky. You are dead. Miscellaneous: You didn't encounter any bones levels. Total elapsed playing time was 10 minutes and 1 second. Major events: Turn 1: atorox the neutral male human Tourist entered the dungeon 659: entered the Gnomish Mines 1407: attained the rank of Sightseer (level 3) 1745: killed by a hobgoblin You didn't know any spells. Skills: Fighting Skills bare handed combat [Unskilled] two weapon combat [Unskilled] riding [Unskilled] Weapon Skills dagger [Unskilled] knife [Unskilled] axe [Unskilled] pick-axe [Unskilled] short sword [Unskilled] broadsword [Unskilled] long sword [Unskilled] two-handed sword [Unskilled] saber [Unskilled] mace [Unskilled] morning star [Unskilled] flail [Unskilled] hammer [Unskilled] quarterstaff [Unskilled] polearms [Unskilled] spear [Unskilled] trident [Unskilled] lance [Unskilled] bow [Unskilled] sling [Unskilled] crossbow [Unskilled] dart [Basic] shuriken [Unskilled] boomerang [Unskilled] whip [Unskilled] unicorn horn [Unskilled] Spellcasting Skills divination spells [Unskilled] enchantment spells [Unskilled] escape spells [Unskilled] Voluntary challenges: Character rerolling was not enabled. You were illiterate. You never genocided any monsters. You never changed form. You used no wishes. Achievements: You entered a shop. You entered the Gnomish Mines. You attained the rank of Sightseer. The Dungeons of Doom: levels 1 to 4 Level 1: Level 2: An armor shop. Stairs down to The Gnomish Mines. Level 3: <- You were here. An armor shop. Final resting place for you, killed by a hobgoblin. Level 4: The Gnomish Mines: Level 3: Vanquished creatures: 2 giant rats a red mold a gecko 3 jackals a fox a kobold 3 sewer rats a grid bug 4 lichens a kobold zombie 3 newts 21 creatures vanquished. No species were genocided or became extinct. Game over: ---------- / \ / REST \ / IN \ / PEACE \ / \ | atorox | | 136 Au | | killed by a | | hobgoblin | | | | | | 2026 | *| * * * | * _________)/\\_//(\/(/\)/\//\/|_)_______ Aloha atorox the Tourist... You died in The Dungeons of Doom on dungeon level 3 with 354 points, and 136 pieces of gold, after 1745 moves. You were level 3 with a maximum of 29 hit points when you died.